 Dungeon Crawl Stone Soup version 0.29.0-4-gdea44cf6ec (webtiles) character file.

Game seed: 10313281441291009235

56 qw the Chopper (level 3, -2/29 HPs)
             Began as a Barachi Chaos Knight on Sept 6, 2022.
             Slain by a neqoxec (8 damage)
             ... summoned by Xom
             ... on level 2 of the Dungeon.
             The game lasted 00:00:47 (1719 turns).

qw the Chopper (Barachi Chaos Knight)               Turns: 1719, Time: 00:00:47

Health: -2/29      AC:  5    Str: 15      XL:     3   Next: 97%
Magic:  3/3        EV: 10    Int: 11 (12) God:
Gold:   56         SH:  0    Dex: 11      Spells: 2/2 levels left

rFire   . . .      SeeInvis .   Y - +0 war axe
rCold   . . .      Faith    .   (no shield)
rNeg    . . .      Spirit   .   i - +0 ring mail
rPois   .          Reflect  .   (no helmet)
rElec   .          Harm     .   (no cloak)
rCorr   .          Rampage  .   (no gloves)
Will    .....      Rnd*Tele +   (no boots)
Stlth   +.........              (no amulet)
HPRegen 0.09/turn               (no ring)
MPRegen 0.08/turn               (no ring)

@: slow
A: amphibious, slowness 1, strong legs 1, +LOS, teleportitis 1
a: Hop


You were on level 2 of the Dungeon.
You visited 1 branch of the dungeon, and saw 2 of its levels.

You collected 56 gold pieces.


Innate Abilities, Weirdness & Mutations

You are amphibious.
You cover ground slowly.
You can hop short distances.
You have an extended range of vision and can be seen from far away.
You are occasionally teleported next to monsters.


   Skills:
 - Level 3.6 Fighting
 + Level 5.2 Axes
 - Level 2.4 Armour
 - Level 1.1 Dodging


You had 2 spell levels left.
You didn't know any spells.
Your spell library was empty.

Inventory:

Hand Weapons
 k - a +0 whip
 Y - a +0 war axe (weapon)
Armour
 b - a +0 scale mail
 i - a +0 ring mail (worn)
Jewellery
 e - a ring of see invisible
Scrolls
 d - a scroll of blinking {unknown}
Potions
 a - a potion of cancellation
Miscellaneous
 c - a piece from Xom's chessboard (15/15)

Dungeon Overview and Level Annotations

Branches:
Dungeon (2/15)

Altars:


Message History

The neqoxec is moderately wounded.
You miss the crimson imp.
The neqoxec hits you but does no damage.
The crimson imp barely misses you.
You bump into the rock wall.
The neqoxec hits you. The crimson imp barely misses you.
You bump into the rock wall.
The neqoxec gestures at you.
You feel dopey. Something feeds on your intellect! The crimson imp hits you.
You closely miss the neqoxec.
The neqoxec is moderately wounded.
You miss the crimson imp.
You feel less confused. The neqoxec hits you.
The crimson imp hits you but does no damage.
You closely miss the neqoxec.
The neqoxec is moderately wounded.
You slash the crimson imp! The neqoxec hits you.
The crimson imp hits you but does no damage.
You miss the crimson imp.
The crimson imp is heavily wounded.
You hit the neqoxec. The neqoxec closely misses you. The crimson imp hits you.
The crimson imp hits you but does no damage.
The neqoxec gestures at you.
Something tries to feed on your intellect!
You slash the crimson imp!
You kill the crimson imp!
The crimson imp disappears in a puff of smoke!
You closely miss the neqoxec. The neqoxec hits you!
You hit the neqoxec.
The neqoxec is moderately wounded.
You miss the quasit.
The quasit bites you but does no damage.
The quasit claws you but does no damage.
The quasit completely misses you. The neqoxec hits you!
You die...

#.#############
#.#.....5@35..#
#
#.#.#########.#
# #.#.# # #.#.#
# #.#.# # #.#.#
# #.#.#
########.#.#
.........#.#


You could see a neqoxec (summoned), a quasit (summoned) and a crimson imp
(summoned).

Vanquished Creatures
  Terence (D:2)
  A worm (D:2)
  2 bats (D:1)
  2 giant cockroaches (D:1)
  3 goblins (D:1)
  3 hobgoblins (D:1)
  2 jackals (D:2)
  A quokka (D:1)
  5 ball pythons
  3 frilled lizards
  7 kobolds (D:1)
  2 rats (D:1)
32 creatures vanquished.

Notes
Turn   | Place    | Note
-------+----------+-------------------------------------------
     0 | D:1      | qw the Barachi Chaos Knight began the quest for the Orb.
     0 | D:1      | Reached XP level 1. HP: 18/18 MP: 1/1
     0 | D:1      | 0 ||| qw: Version: 0.1-a-108-g9e35731
     0 | D:1      | 0 ||| qw: Game counter: 6350
     0 | D:1      | 0 ||| qw: Always use a shield: true
     0 | D:1      | 0 ||| qw: God list: Okawaru
     0 | D:1      | 0 ||| qw: Allow faded altars: false
     0 | D:1      | 0 ||| qw: Do Orc after D:15 true
     0 | D:1      | 0 ||| qw: Do second Lair branch before Depths: true
     0 | D:1      | 0 ||| qw: Lair rune preference: random
     0 | D:1      | 0 ||| qw: Plans: Normal
     0 | D:1      | 0 ||| PLANNING D:1-11
     0 | D:1      | Fell from the grace of Xom
   117 | D:1      | 117 ||| Stepping ~*~*~tactically~*~*~ (stealth).
   147 | D:1      | 147 ||| SWAPPING to +0 war axe.
   148 | D:1      | 148 ||| DROPPING +0 hand axe of chaos.
   241 | D:1      | Reached XP level 2. HP: 24/24 MP: 2/2
   251 | D:1      | 251 ||| Stepping ~*~*~tactically~*~*~ (stealth).
   252 | D:1      | 252 ||| Stepping ~*~*~tactically~*~*~ (stealth).
   253 | D:1      | 253 ||| Stepping ~*~*~tactically~*~*~ (stealth).
   254 | D:1      | 254 ||| Stepping ~*~*~tactically~*~*~ (stealth).
   277 | D:1      | Reached skill level 4 in Axes
   280 | D:1      | 280 ||| Stepping ~*~*~tactically~*~*~ (stealth).
   281 | D:1      | 281 ||| Stepping ~*~*~tactically~*~*~ (stealth).
   282 | D:1      | 282 ||| Stepping ~*~*~tactically~*~*~ (stealth).
   283 | D:1      | 283 ||| Stepping ~*~*~tactically~*~*~ (stealth).
   305 | D:1      | Found a faded altar of an unknown god.
   332 | D:1      | 332 ||| Stepping ~*~*~tactically~*~*~ (stealth).
   335 | D:1      | 335 ||| Stepping ~*~*~tactically~*~*~ (stealth).
   336 | D:1      | 336 ||| Stepping ~*~*~tactically~*~*~ (stealth).
   557 | D:1      | 557 ||| DROPPING +0 club.
   569 | D:1      | 569 ||| Stepping ~*~*~tactically~*~*~ (stealth).
   570 | D:1      | 570 ||| Stepping ~*~*~tactically~*~*~ (stealth).
   758 | D:1      | XOM: give mutation
   758 | D:1      | Gained mutation: You are occasionally teleported next to
                  | monsters. [Xom's mischief]
   806 | D:1      | 806 ||| Stepping ~*~*~tactically~*~*~ (stealth).
   823 | D:1      | 823 ||| Stepping ~*~*~tactically~*~*~ (stealth).
   824 | D:1      | 824 ||| Stepping ~*~*~tactically~*~*~ (stealth).
   832 | D:1      | Reached XP level 3. HP: 29/29 MP: 3/3
   843 | D:1      | 843 ||| UPGRADING to +0 ring mail.
   853 | D:1      | 853 ||| DROPPING +2 leather armour.
   854 | D:1      | 854 ||| DROPPING orb of guile.
   855 | D:1      | 855 ||| READING scroll labelled FUPTAU OSTEN.
   856 | D:1      | 856 ||| READING scroll labelled ZEEB QETTO.
   857 | D:1      | 857 ||| READING scroll labelled MIRGHA PIHEHIS.
   858 | D:1      | 858 ||| READING scroll labelled ITELAN ZOECEDA.
   862 | D:1      | 862 ||| DRINKING 2 red potions.
   882 | D:2      | Noticed Terence
   889 | D:2      | HP: 6/27 [Terence/the +7 Throatcutter {drain, coup de
                  | grace} (4)]
   890 | D:2      | Killed Terence
   891 | D:2      | Reached skill level 5 in Axes
   891 | D:2      | 891 ||| STAIRDANCE
  1710 | D:2      | XOM: summons 4 hostile demons
  1711 | D:2      | Noticed a neqoxec
  1718 | D:2      | HP: 6/29 [neqoxec[Xom] (10)]
  1719 | D:2      | Slain by a neqoxec

Levels and vault maps discovered:
D:1:      ncdulo_smallfort, layout_basic, basic_ecumenical_altar
D:2:      layout_basic, uniq_terence

Skill      XL: |  1  2  3 |
---------------+----------+-----
Axes           | 4 5 |  5.2
Fighting       | |  3.6
Armour         | |  2.4
Dodging        | |  1.1

Action                   || total
-------------------------++-------
Melee: Hand axe          ||    11
       War axe           ||    95
Invok: Renounce Religion ||     1
  Use: Scroll            ||     4
       Potion            ||     1
Armor: Leather armour    ||    23
       Ring mail         ||    15
Dodge: Dodged            ||    64

Table legend:
 A = Non-vault XP
 B = Vault XP
 C = Vault XP percentage of total XP
 D = Non-vault monster count
 E = Vault monster count
 F = Vault count percentage of total count
                 A         B        C        D         E       F
            +---------+---------+-------+---------+---------+-------
      Total |      49 |      32 |  39.5 |      31 |       1 |   3.1
            +---------+---------+-------+---------+---------+-------
        D:1 |      34 |       0 |   0.0 |      23 |       0 |   0.0
        D:2 |      15 |      32 |  68.1 |       8 |       1 |  11.1
            +---------+---------+-------+---------+---------+-------
